 Dungeon Crawl Stone Soup version 0.27-a0-1281-ge233d83751 (webtiles) character file.

Game seed: 15128912030675892155

41318 flotson the Fighter (level 13, -11/104 HPs)
             Began as a Demonspawn Fighter on June 13, 2021.
             Was an Initiate of Gozag.
             Mangled by a komodo dragon (17 damage)
             ... on level 4 of the Lair of Beasts.
             The game lasted 00:54:36 (25937 turns).

flotson the Fighter (Demonspawn Fighter)           Turns: 25937, Time: 00:54:40

Health: -11/104    AC: 19    Str: 21    XL:     13   Next: 79%
Magic:  13/13      EV: 13    Int: 12    God:    Gozag
Gold:   1759       SH: 12    Dex: 13    Spells: 12/12 levels left

rFire    + + .     SeeInvis .   N - +0 trident (distort)
rCold    . . .     Faith    .   c - +0 kite shield
rNeg     . . .     Spirit   .   E - +1 ring mail of Ireit {rElec rPois rF+ Int+2}
rPois    +         Reflect  .   k - +2 helmet
rElec    +         Harm     .   o - scarf {shadows}
rCorr    .         Rampage  .   e - +0 pair of gloves
Will     .....                  r - +2 pair of boots {Stlth+}
Stlth    +++.......             (no amulet)
HPRegen  0.27/turn              l - ring of protection from fire
MPRegen  0.13/turn              (no ring)

@: mighty, brilliant
A: claws 2, thin metallic scales 2, demonic guardian 1, foul stench 2
a: Renounce Religion, Potion Petition, Call Merchant, Bribe Branch


You were on level 4 of the Lair of Beasts.
You worshipped Gozag.
Gozag was most pleased with you.
You visited 2 branches of the dungeon, and saw 16 of its levels.
You also visited: Sewer.

You collected 3538 gold pieces.
You spent 235 gold pieces at shops.
You paid 1544 gold pieces to Gozag.

Inventory:

Hand Weapons
 N - a +0 trident of distortion (weapon)
 Q - a +0 broad axe
Missiles
 q - 3 javelins
 x - 5 boomerangs of dispersal
 z - 17 boomerangs (quivered)
 F - 5 curare-tipped darts
 K - 47 poisoned darts
Armour
 c - a +0 kite shield (worn)
 e - a +0 pair of gloves (worn)
 k - a +2 helmet (worn)
 o - a scarf of shadows (worn)
 r - a +2 pair of boots of stealth (worn)
 y - a +1 ring mail of cold resistance
 E - the +1 ring mail of Ireit (worn) {rElec rPois rF+ Int+2}
   (You found it on level 6 of the Dungeon)

   It affects your intelligence (+2).
   It protects you from fire.
   It insulates you from electricity.
   It protects you from poison.
Jewellery
 l - a ring of protection from fire (left hand)
Wands
 s - a wand of paralysis (6)
 A - a wand of flame (57)
 C - a wand of iceblast (7)
 D - a wand of charming (1)
 P - a wand of acid (16)
Scrolls
 b - a scroll of blinking {unknown}
 g - 2 scrolls of holy word {unknown}
 h - 2 scrolls of enchant weapon {unknown}
 m - a scroll of torment {unknown}
 p - 5 scrolls of amnesia {unknown}
 t - a scroll of teleportation
 v - 5 scrolls of magic mapping {unknown}
 w - a scroll of fog {unknown}
 B - 5 scrolls of noise {unknown}
 G - 2 scrolls of enchant armour {unknown}
 H - a scroll of silence {unknown}
 I - 2 scrolls of vulnerability {unknown}
 L - a scroll of acquirement {unknown}
Potions
 a - a potion of berserk rage
 d - 3 potions of ambrosia
 n - 2 potions of lignification
 u - 6 potions of flight
 O - a potion of haste


   Skills:
 + Level 10.4 Fighting
 + Level 9.1 Axes
 - Level 6.0 Throwing
 + Level 9.5 Armour
 + Level 9.0 Dodging
 - Level 6.0 Stealth
 + Level 9.6 Shields
 - Level 6.0 Evocations


You had 12 spell levels left.
You didn't know any spells.
Your spell library contained the following spells:

 Spells                   Type           Power      Damage    Failure   Level
 Freeze                   Ice            0%         1d3       69%         1
 Sandblast                Erth           0%         2d4       69%         1
 Summon Small Mammal      Summ           0%         N/A       69%         1
 Call Imp                 Summ           0%         N/A       83%         2
 Passwall                 Tmut/Erth      0%         N/A       83%         2
 Call Canine Familiar     Summ           0%         N/A       96%         3
 Frozen Ramparts          Ice            0%         1d2       96%         3
 Ozocubu's Armour         Ice            0%         N/A       96%         3
 Stone Arrow              Conj/Erth      0%         3d7       96%         3
 Summon Guardian Golem    Hex/Summ       0%         N/A       96%         3
 Cause Fear               Hex            0%         N/A       100%        4
 Hailstorm                Conj/Ice       0%         3d3       100%        4
 Petrify                  Tmut/Erth      0%         N/A       100%        4
 Summon Ice Beast         Ice/Summ       0%         N/A       100%        4
 Summon Lightning Spire   Summ/Air       0%         N/A       100%        4
 Bolt of Magma            Conj/Fire/Erth 0%         4d4       100%        5
 Irradiate                Conj/Tmut      0%         3d13      100%        5
 Iskenderun's Battlesphe  Conj           0%         2d6       100%        5
 Lee's Rapid Deconstruct  Erth           0%         3d5*      100%        5
 Metabolic Englaciation   Hex/Ice        0%         N/A       100%        5
 Silence                  Hex/Air        0%         N/A       100%        5
 Yara's Violent Unravell  Hex/Tmut       0%         3d3       100%        5
 Blade Hands              Tmut           0%         N/A       100%        6
 Iron Shot                Conj/Erth      0%         9d1       100%        6
 Statue Form              Tmut/Erth      0%         N/A       100%        6
 Dragon Form              Tmut           0%         N/A       100%        7
 Orb of Destruction       Conj           0%         N/A       100%        7
 Spellforged Servitor     Conj/Summ      0%         N/A       100%        7
 Storm Form               Tmut/Air       0%         N/A       100%        7
 Discord                  Hex            0%         N/A       100%        8


Dungeon Overview and Level Annotations

Branches:
Dungeon (10/15)            Temple (0/1) D:5            Lair (6/6) D:9
 Shoals (0/4) Lair:4       Spider (0/4) Lair:2        Slime (0/5) Lair:5
    Orc (0/2) D:9           Sewer (visited)

Altars:
Gozag
Hepliaklqana
Wu Jian
Yredelemnul
Jiyva

Shops:
D:8 (   D:10 *

Annotations:
D:5 3 runed translucent doors, spiderkeys's ghost, novice PaDe
Lair:1 1 runed translucent door, exclusion: oklob plant, bande's ghost, journeyman GrFi
Lair:6 exclusion: oklob plant


Innate Abilities, Weirdness & Mutations

You have very sharp fingernails.
You are mostly covered in thin metallic scales. (AC +3)
A weak demonic guardian rushes to your aid.
You sometimes emit foul miasma when damaged in melee.


Message History

* * * LOW HITPOINT WARNING * * *
You climb upwards.
There is a stone staircase leading down, spattered with blood here.
Okay, then.
Unknown command. [a] - 264 gold - curing and magic [b] - 378 gold - resistance and invisibility [c] - 312 gold - might, brilliance and heal wounds Purchase which effect?
You feel very mighty all of a sudden.
You feel clever all of a sudden.
You feel much better. You block the elephant's attack.
The elephant barely misses you. The death yak misses you.
You block the komodo dragon's attack. The death yak barely misses you.
The komodo dragon bites you!!
* * * LOW HITPOINT WARNING * * *
You emit a cloud of foul miasma!
The komodo dragon is engulfed in dark miasma.
The komodo dragon is poisoned.
You block the death yak's attack. You block the elephant's attack.
The elephant closely misses you.
The komodo dragon hisses menacingly.
The komodo dragon looks more healthy.
There is a stone staircase leading up here.
You block the komodo dragon's attack.
You climb upwards.
There is a stone staircase leading down, spattered with blood here.
Your shield prevents you from hitting the komodo dragon.
The komodo dragon is lightly wounded.
The komodo dragon bites you.
* * * LOW HITPOINT WARNING * * *
You hit the komodo dragon.
Space bends around the komodo dragon.
The komodo dragon is moderately wounded.
You block the komodo dragon's attack.
You barely miss the komodo dragon.
The komodo dragon is moderately wounded.
The komodo dragon bites you!!
* * * LOW HITPOINT WARNING * * *
A demonic guardian appears!
The komodo dragon bites you!
You die...
Your body crumbles into a pile of gold.

..........P..####..........###...
..............#.#.........####...
..........##..............# #..##
..........####............###..#
...........# ##...........##..###
..........######...............##
.........#..#..#.................
..........#.....l................
.............<..@................
..............5..................
.................................
.................................
.........<.......................
#......#.........................
##P.#.####.#.....................
##..## ####.#..................
##..# ######...............


You could see a komodo dragon (ally target) and a friendly shadow imp
(summoned).

Vanquished Creatures
  3 hydras
  9 death yaks
  8 elephants
  2 black mambas
  14 cane toads
  5 rime drakes
  5 komodo dragons
  A polar bear (Lair:5)
  A hornet (Lair:2)
  4 blink frogs
  Prince Ribbit (Lair:2)
  A shadow (D:10)
  32 yaks
  A wyvern (Lair:6)
  3 basilisks
  2 vampire mosquitoes (D:10)
  13 water moccasins
  An acid dragon (D:10)
  8 orc warriors
  3 black bears
  3 ogres
  3 wolves (Lair:3)
  7 centaurs
  2 kobold brigands
  Blork the orc (D:6)
  8 bullfrogs
  A water moccasin zombie (D:6)
  A wyvern zombie (D:7)
  A gnoll sergeant (D:9)
  4 scorpions
  5 wights
  3 howler monkeys (D:8)
  A bullfrog zombie (D:5)
  2 centaur zombies
  3 hounds
  7 orc priests
  A bullfrog skeleton (D:6)
  A gnoll shaman (D:8)
  An iguana (D:7)
  6 orc wizards
  A killer bee zombie (D:9)
  2 hound skeletons
  A howler monkey zombie (D:6)
  8 gnolls
  9 adders
  2 shadow imps
  An ufetubus (D:5)
  2 worms
  A dart slug (D:3)
  46 orcs
  5 endoplasms
  6 giant cockroaches
  6 goblins
  5 hobgoblins
  17 jackals
  17 kobolds
  4 quokkas
  8 ball pythons
  3 bats (D:1)
  9 frilled lizards
  7 rats
  A spectral kobold (D:4)
339 creatures vanquished.

Vanquished Creatures (collateral kills)
  2 hydras
  A death yak (Lair:6)
  2 elephants (Lair:5)
  A wraith (D:9)
  A yak (D:9)
  A basilisk (Lair:5)
  A black bear (Lair:3)
  Purgy (Sewer)
  An ogre (D:6)
  A wolf (Lair:3)
  3 scorpions (Lair:2)
  A howler monkey (D:8)
  A centaur zombie (D:5)
  Jessica (D:2)
  2 orc wizards
  An adder (D:3)
  A white imp (D:7)
  2 orcs
  A giant cockroach (D:3)
25 creatures vanquished.

Vanquished Creatures (others)
  2 elephants (Lair:6)
  A cane toad (Lair:6)
  A komodo dragon (Lair:1)
  2 yaks (Lair:3)
  A wolf (Lair:3)
  An orc priest (D:7)
  2 bushes (Lair:5)
  52 fungi
  49 plants
  2 withered plants (Lair:1)
113 creatures vanquished.

Grand Total: 477 creatures vanquished

Notes
Turn   | Place    | Note
-------+----------+-------------------------------------------
     0 | D:1      | flotson the Demonspawn Fighter began the quest for the Orb.
     0 | D:1      | Reached XP level 1. HP: 18/18 MP: 1/1
   118 | D:1      | Found a faded altar of an unknown god.
   178 | D:1      | Gained mutation: You have sharp fingernails. [demonic
                  | ancestry]
   178 | D:1      | Reached XP level 2. HP: 23/24 MP: 2/2
   893 | D:1      | Gained mutation: A weak demonic guardian rushes to your
                  | aid. [demonic ancestry]
   893 | D:1      | Reached XP level 3. HP: 29/29 MP: 3/3
  1138 | D:2      | Noticed Jessica
  1172 | D:2      | Killed Jessica
  1173 | D:2      | Reached skill level 1 in Dodging
  2031 | D:2      | Gained mutation: You have very sharp fingernails. [demonic
                  | ancestry]
  2031 | D:2      | Reached XP level 4. HP: 23/35 MP: 4/4
  2456 | D:3      | Found a basalt altar of Yredelemnul.
  2619 | D:3      | Found a glowing drain.
  2672 | Sewer    | Entered a sewer
  2930 | Sewer    | Noticed Purgy
  2946 | Sewer    | Killed Purgy
  2947 | Sewer    | Reached skill level 1 in Throwing
  2947 | Sewer    | Reached XP level 5. HP: 12/42 MP: 5/5
  3389 | D:3      | Found an opulent altar of Gozag.
  3397 | D:3      | Became a worshipper of Gozag Ym Sagoz the Greedy
  3849 | D:4      | Reached XP level 6. HP: 48/48 MP: 6/6
  3958 | D:4      | Reached skill level 4 in Fighting
  4039 | D:4      | You fall into a shaft and drop 1 floor!
  4039 | D:5      | Entered Level 5 of the Dungeon
  4079 | D:5      | Reached skill level 1 in Evocations
  4221 | D:5      | Found a staircase to the Ecumenical Temple.
  4376 | D:5      | Reached XP level 7. HP: 41/54 MP: 7/7
  4846 | D:4      | Found a hazy altar of Hepliaklqana.
  5280 | D:5      | Found a runed translucent gate.
  5281 | D:5      | Found a runed translucent gate.
  5282 | D:5      | Found a runed translucent gate.
  5283 | D:5      | Noticed spiderkeys's ghost (novice PaDe)
  5414 | D:5      | Reached XP level 8. HP: 43/61 MP: 8/8
  5907 | D:6      | Noticed Blork the orc
  5910 | D:6      | Killed Blork the orc
  5990 | D:6      | Reached skill level 5 in Fighting
  6573 | D:6      | Identified the +1 ring mail of Ireit {rElec rPois rF+
                  | Int+2}
  6982 | D:7      | Reached skill level 5 in Shields
  7560 | D:7      | Reached skill level 5 in Armour
  7560 | D:7      | Gained mutation: You are partially covered in thin metallic
                  | scales. (AC +2) [demonic ancestry]
  7560 | D:7      | Reached XP level 9. HP: 50/68 MP: 9/9
  9305 | D:8      | Found Biohics's Antique Weapon Shoppe.
  9308 | D:8      | Bought a shimmering whip for 210 gold pieces
  9308 | D:8      | Identified the +2 whip of the Equinox {vorpal, Will+ rCorr
                  | Str-5 Int+8} (You bought it in a shop on level 8 of the
                  | Dungeon)
  9764 | D:9      | Reached skill level 6 in Fighting
  9802 | D:9      | Identified the +1 plate armour of Trumpets {rF+ rCorr
                  | Dex-5}
  9876 | D:9      | Reached skill level 5 in Axes
 10104 | D:9      | Found a staircase to the Lair.
 10894 | D:9      | Reached XP level 10. HP: 77/77 MP: 10/10
 11773 | D:9      | Found a staircase to the Orcish Mines.
 11928 | D:9      | Reached skill level 5 in Dodging
 11928 | D:9      | Found an ornate altar of the Wu Jian Council.
 11944 | D:10     | Entered Level 10 of the Dungeon
 11965 | D:10     | Reached skill level 5 in Evocations
 12230 | D:10     | Identified the +1 rapier "Negiesk" {vorpal, *Corrode Str+8}
 12578 | D:10     | Reached skill level 5 in Throwing
 13439 | D:9      | Reached skill level 7 in Fighting
 13661 | D:10     | Found Teigumi's Serpentskin Sales.
 13674 | D:10     | Bought 3 curare-tipped darts for 25 gold pieces
 13961 | Lair:1   | Entered Level 1 of the Lair of Beasts
 13968 | Lair:1   | Noticed a six-headed hydra
 13978 | Lair:1   | Killed a six-headed hydra
 14298 | Lair:1   | Gained mutation: You may rarely emit foul miasma when
                  | damaged in melee. [demonic ancestry]
 14298 | Lair:1   | Reached XP level 11. HP: 84/84 MP: 11/11
 14310 | Lair:1   | Noticed a four-headed hydra
 14354 | Lair:1   | Killed a four-headed hydra
 14793 | Lair:1   | Noticed an oklob plant
 14971 | Lair:1   | Found a runed translucent door.
 14971 | Lair:1   | Noticed bande's ghost (journeyman GrFi)
 15633 | Lair:2   | Reached skill level 1 in Stealth
 15891 | Lair:2   | Paralysed by a hornet for 3 turns
 16161 | Lair:2   | Found a hole to the Spider Nest.
 16850 | Lair:3   | HP: 4/86 [wolf (4)]
 16969 | Lair:3   | Noticed a five-headed hydra
 17224 | Lair:3   | Killed a five-headed hydra
 17225 | Lair:3   | Reached skill level 8 in Fighting
 17885 | Lair:3   | Noticed Prince Ribbit
 18083 | Lair:2   | Killed Prince Ribbit
 18496 | Lair:3   | Gained mutation: You are mostly covered in thin metallic
                  | scales. (AC +3) [demonic ancestry]
 18496 | Lair:3   | Reached XP level 12. HP: 88/94 MP: 12/12
 20635 | Lair:4   | Found a staircase to the Shoals.
 20849 | Lair:5   | Noticed a catoblepas
 20999 | Lair:5   | Noticed an eight-headed hydra
 21008 | Lair:5   | Killed an eight-headed hydra
 21009 | Lair:5   | Reached skill level 9 in Fighting
 21551 | Lair:5   | Noticed a death yak
 21551 | Lair:5   | Noticed a death yak
 21553 | Lair:5   | Noticed a death yak
 21648 | Lair:5   | Noticed a death yak
 21727 | Lair:5   | Noticed an eight-headed hydra
 21736 | Lair:5   | Banished an eight-headed hydra
 21978 | Lair:4   | Killed a death yak
 21979 | Lair:4   | Reached skill level 5 in Stealth
 22191 | Lair:5   | Noticed a death yak
 22222 | Lair:4   | Killed a death yak
 22409 | Lair:5   | Found a staircase to the Slime Pits.
 22410 | Lair:5   | Found a viscous altar of Jiyva.
 22766 | Lair:5   | Banished a catoblepas
 22931 | Lair:5   | Noticed a death yak
 22966 | Lair:4   | Killed a death yak
 22967 | Lair:4   | Gained mutation: You sometimes emit foul miasma when
                  | damaged in melee. [demonic ancestry]
 22967 | Lair:4   | Reached XP level 13. HP: 69/101 MP: 13/13
 24201 | Lair:5   | Found a viscous altar of Jiyva.
 24202 | Lair:5   | Found a staircase to the Slime Pits.
 24315 | Lair:6   | Entered Level 6 of the Lair of Beasts
 24716 | Lair:6   | Noticed a dire elephant
 24831 | Lair:6   | Reached skill level 10 in Fighting
 25937 | Lair:4   | Mangled by a komodo dragon

Illustrated notes

Levels and vault maps discovered:
D:1:      lightli_molten_gateway, layout_basic,
          shapermc_ecumenical_altar_mp_urbaneastern, minmay_misc_feat_cross,
          minmay_pentomino_r4
D:2:      minmay_evil_eye, layout_loops_ring, uniq_jessica
D:3:      layout_loops_ring, chequers_temple_overflow_statue_of_worship,
          gup_sewer_entry_glass
D:4:      minmay_chambers_of_fours, layout_basic,
          nicolae_hepliaklqana_monster_ancestors, supply_closet_lemuel
D:5:      layout_gridville, minmay_temple_entry_arrows,
          ebering_ghost_rock_garden
D:6:      layout_loops_corners, uniq_blork_the_orc
D:7:      layout_basic
D:8:      layout_loops_corners, serial_shops, kennysheep_mini
D:9:      layout_cross, marbit_many_paths, lair_entry_dummy, david_orc_4
D:10:     layout_cave_pools, guppyfry_shop_venom
Lair:1:   layout_cellular_growth, gammafunk_ghost_grave,
          minmay_lair_oklob_chamber
Lair:2:   layout_roguey, nicolae_spider_entry_non_spiders
Lair:3:   layout_chaotic_city, uniq_prince_ribbit2
Lair:4:   layout_cave_pods, elwin_shoals_entry_rooms
Lair:5:   layout_gridlike, slime_altar_1, chequers_serial_rivers_room_a,
          beast_lair_carwin_3
Lair:6:   evil_forest, layout_cave_shapes, nicolae_volcano_entry_vermiform,
          hellmonk_guarded_unrand_vines

Skill      XL: |  1  2  3  4  5  6  7  8  9 10 11 12 13 |
---------------+----------------------------------------+-----
Axes           | 2 3 4 5 6 7 8 9 |  9.1
Shields        | 3 4 5 6 7 8 9 |  9.6
Armour         | 3 4 5 6 7 8 9 |  9.5
Dodging        | 1 2 3 4 5 6 7 9 |  9.0
Throwing       | 1 2 3 4 5 6 |  6.0
Fighting       | 4 5 6 7 8 9 10 | 10.4
Evocations     | 1 2 3 4 5 6 |  6.0
Stealth        | 3 5 6 |  6.0

Action                   |  1- 3 |  4- 6 |  7- 9 | 10-12 | 13-15 || total
-------------------------+-------+-------+-------+-------+-------++-------
Melee: War axe           |   130 |   188 |       |       |       ||   318
       Whip              |       |    18 |   239 |       |       ||   257
       Hand axe          |       |       |   189 |    50 |       ||   239
       Trident           |       |       |       |   633 |   214 ||   847
 Fire: Hunting sling     |    24 |     1 |       |       |       ||    25
Throw: Javelin           |       |     2 |     3 |       |     4 ||     9
       Boomerang         |       |       |    54 |    86 |    15 ||   155
       Dart              |       |       |       |    16 |     7 ||    23
Invok: Potion Petition   |       |       |       |       |     5 ||     5
Evoke: Wand              |       |       |    15 |    16 |    19 ||    50
  Use: Potion            |       |     1 |       |     7 |     2 ||    10
       Scroll            |       |       |       |    10 |     7 ||    17
 Stab: Sleeping          |       |     4 |     6 |     6 |       ||    16
       Distracted        |       |     2 |     1 |     3 |       ||     6
       Paralysed         |       |       |       |       |     3 ||     3
Armor: Scale mail        |    80 |    80 |       |       |       ||   160
       Troll leather arm |       |    48 |    56 |       |       ||   104
       Ring mail         |       |       |   110 |   263 |   112 ||   485
Dodge: Dodged            |    57 |    79 |   186 |   255 |   119 ||   696
Block: Kite shield       |    88 |   135 |   255 |   351 |   158 ||   987

Table legend: (Time is in decaauts)
 A = Elapsed time spent in this place.
 B = Non-inter-level travel time spent in this place.
 C = Inter-level travel time spent in this place.
 D = Time resting spent in this place.
 E = Time spent auto-exploring this place.
 F = Levels seen in this place.
 G = Mean time per level.
                   A        B        C        D        E       F      G
               +--------+--------+--------+--------+--------+-----+--------+
         Total |  26577 |  25591 |    986 |   2708 |  17902 |  17 | 1563.4 |
       Dungeon |  13775 |  13238 |    537 |   1482 |   8774 |  10 | 1377.5 |
          Lair |  12150 |  11702 |    448 |   1058 |   8806 |   6 | 2025.0 |
         Sewer |    651 |    651 |      0 |    167 |    320 |   1 |  651.0 |
               +--------+--------+--------+--------+--------+-----+--------+

Top non-repeatable levels by time:
  Lair:5: 3270 daAuts
  Lair:3: 2369 daAuts
  Lair:4: 2284 daAuts
     D:9: 2172 daAuts
     D:8: 2000 daAuts
  Lair:2: 1903 daAuts
    D:10: 1476 daAuts
  Lair:1: 1466 daAuts
     D:7: 1452 daAuts
     D:2: 1380 daAuts
     D:6: 1210 daAuts
     D:1: 1118 daAuts
     D:4: 1071 daAuts
     D:5: 1052 daAuts
  Lair:6: 855 daAuts
